 Dungeon Crawl Stone Soup version 0.30-a0-743-gbfdf073431 (webtiles) character file.

Game seed: 8138696081730959515

65 confidenceinterval the Shooter (level 3, -1/27 HPs)
             Began as a Demonspawn Hunter on Feb 6, 2023.
             Slain by a black bear (8 damage)
             ... on level 3 of the Dungeon.
             The game lasted 00:02:58 (1210 turns).

confidenceinterval the Shooter (Demonspawn Hunter)  Turns: 1210, Time: 00:02:58

Health: -1/27      AC:  2    Str: 11    XL:     3   Next: 92%
Magic:  3/3        EV: 12    Int: 10    God:
Gold:   109        SH:  0    Dex: 18    Spells: 2/2 levels left

rFire   . . .      SeeInvis .    a - +0 shortbow
rCold   . . .      Faith    .    (shield currently unavailable)
rNeg    . . .      Spirit   .    e - +0 toga "Victory" {*Victory Clar}
rPois   .          Reflect  .    (no helmet)
rElec   .          Harm     .    (no cloak)
rCorr   .          Rampage  .    (no gloves)
Will    .....      Clarity  +    (no boots)
Stlth   ++                       (no amulet)
HPRegen 0.24/turn                (no ring)
MPRegen 0.08/turn                (no ring)

@: no status effects
A: claws 1, demonic guardian 1
a: no special abilities


You were on level 3 of the Dungeon.
You visited 1 branch of the dungeon, and saw 4 of its levels.

You collected 109 gold pieces.

Inventory:

Hand Weapons
 a - a +0 shortbow (weapon)
Armour
 c - a +0 leather armour
 e - the +0 toga "Victory" (worn) {*Victory Clar}
   (You found it on level 3 of the Dungeon)

   *Victory:  When the wearer kills a threatening monster, it has a chance to
   gain +1 AC, +1 Slay, and +1 Int, capping at +7.
   When the wearer uses a scroll or a potion with a hostile monster in sight,
   its bonuses reset to +0.
   Unequipping it also resets its bonuses to +0.
   Clar:      It protects you against confusion.
Scrolls
 b - a scroll of immolation
 d - 2 scrolls of identify
Potions
 h - a potion of mutation


   Skills:
 - Level 2.0 Fighting
 + Level 5.1 Ranged Weapons
 - Level 1.7 Dodging
 - Level 0.8 Stealth


You had 2 spell levels left.
You didn't know any spells.
Your spell library was empty.

Dungeon Overview and Level Annotations

Branches:
Dungeon (4/15)
 Temple: D:4-7

Altars:

Annotations:
D:2 !sigmund, Sigmund
D:3 Ijyb


Innate Abilities, Weirdness & Mutations

You have sharp fingernails.
A weak demonic guardian rushes to your aid.


Message History

The arrow barely misses the worm.
The arrow hits the goblin.
You kill the goblin!
A black bear comes into view.
The adder barely misses you. The adder misses you.
The adder attacks as you move away! The adder barely misses you.
The adder attacks as you move away! The adder bites you. x2
You are poisoned.
The adder poisons you!
You feel sick.
You feel sick.
You shoot an arrow. The arrow completely misses the adder.
The arrow hits the black bear.
The black bear is lightly wounded.
You feel sick.
You are no longer poisoned.
The adder bites you. The adder barely misses you.
You shoot an arrow. The arrow closely misses the adder.
The arrow closely misses the black bear.
The arrow hits the worm but does no damage.
The adder barely misses you. The adder closely misses you.
You shoot an arrow. The arrow hits the adder!
You kill the adder!
Your Ranged Weapons skill increases to level 5!
You shoot an arrow. The arrow hits the black bear!
The black bear is moderately wounded.
The black bear bites you. The black bear closely misses you.
The black bear claws you but does no damage.
The black bear bites you.
A demonic guardian appears!
The black bear claws you. The black bear closely misses you.
You shoot an arrow. The arrow barely misses the black bear.
The arrow hits the worm!
The worm is moderately wounded.
The black bear closely misses you. The black bear claws you. x2
* * * LOW HITPOINT WARNING * * *
You shoot an arrow. The arrow barely misses the black bear.
The arrow hits the worm!
The worm is severely wounded.
The black bear bites you!
You die...

#.......#########
#.....### #.....#
#.....# ###.....#
#.......#
#######.# . #5#
.. #@# ... #h#
.... #w# ~~...
#.# .~.J..#.#
).⌠.w.'.#
.~....### ~~....
.....


You could see a black bear (ally target), a worm and a friendly quasit
(summoned).

Vanquished Creatures
  A gnoll (D:2)
  2 adders (D:3)
  A worm (D:2)
  An orc (D:3)
  6 endoplasms
  A goblin (D:3)
  2 hobgoblins
  2 jackals (D:2)
  2 ball pythons
  4 bats
  2 frilled lizards
  3 kobolds
  8 rats
35 creatures vanquished.

Notes
Turn   | Place    | Note
-------+----------+-------------------------------------------
     0 | D:1      | confidenceinterval the Demonspawn Hunter began the quest
                  | for the Orb.
     0 | D:1      | Reached XP level 1. HP: 16/16 MP: 1/1
   247 | D:1      | Reached skill level 4 in Ranged Weapons
   269 | D:1      | Gained mutation: You have sharp fingernails. [demonic
                  | ancestry]
   269 | D:1      | Reached XP level 2. HP: 22/22 MP: 2/2
   365 | D:1      | Noticed a shining eye
   367 | D:1      | Found a faded altar of an unknown god.
   369 | D:1      | Noticed a great orb of eyes
   371 | D:1      | Noticed a great orb of eyes
   371 | D:1      | Noticed a shining eye
   719 | D:2      | Gained mutation: A weak demonic guardian rushes to your
                  | aid. [demonic ancestry]
   719 | D:2      | Reached XP level 3. HP: 22/27 MP: 3/3
   777 | D:2      | Noticed Sigmund
   909 | D:3      | Noticed Ijyb
  1003 | D:3      | Found the +0 toga "Victory" {*Victory Clar}
  1199 | D:3      | Noticed a black bear
  1208 | D:3      | Reached skill level 5 in Ranged Weapons
  1210 | D:3      | Slain by a black bear

Illustrated notes

Levels and vault maps discovered:
D:1:      lightli_molten_gateway, layout_basic,
          hellmonk_ecumenical_altar_watching_god
D:2:      layout_rooms, cheibrodos_gnoll_hut, uniq_sigmund,
          uniq_crazy_yiuf_cottage
D:3:      minmay_inner_zag, layout_basic, nicolae_overflow_two_pavilions,
          kennysheep_generic_room_2, uniq_ijyb
D:4:      layout_basic, dreamdust_divine_triumvirate,
          nicolae_qazlal_general_emergency, mainiacjoe_overflow_24_doors,
          mainiacjoe_overflow_boulevard, slow_altar_1,
          minmay_misc_feat_ornament, uniq_edmund

Skill      XL: |  1  2  3 |
---------------+----------+-----
Ranged Weapons | 4 5 |  5.1
Fighting       | |  2.0
Dodging        | |  1.7
Stealth        | |  0.8

Action                     || total
---------------------------++-------
   Fire: Shortbow          ||    92
    Use: Scroll            ||     4
         Potion            ||     1
 Armour: Leather armour    ||    12
         Robe              ||     1
  Dodge: Dodged            ||    30

Table legend: (Time is in decaauts)
 A = Elapsed time spent in this place.
 B = Non-inter-level travel time spent in this place.
 C = Inter-level travel time spent in this place.
 D = Time resting spent in this place.
 E = Time spent auto-exploring this place.
 F = Levels seen in this place.
 G = Mean time per level.
                   A        B        C        D        E       F      G
               +--------+--------+--------+--------+--------+-----+--------+
         Total |   1238 |   1225 |     13 |    171 |    778 |   4 |  309.5 |
       Dungeon |   1238 |   1225 |     13 |    171 |    778 |   4 |  309.5 |
               +--------+--------+--------+--------+--------+-----+--------+

Top non-repeatable levels by time:
     D:1: 586 daAuts
     D:3: 409 daAuts
     D:2: 235 daAuts
     D:4: 6 daAuts
